 Dungeon Crawl Stone Soup version 0.25.1-2-g60ff931df9 (webtiles) character file.

Game seed: 10426021511077449924

492 nikku the Skirmisher (level 6, -14/51 HPs)
             Began as a Demonspawn Berserker on Nov 16, 2020.
             Was a Priest of Trog.
             Demolished by an ogre
             ... wielding a cursed -1 giant club
              (24 damage)
             ... on level 4 of the Dungeon.
             The game lasted 00:08:31 (3549 turns).

nikku the Skirmisher (Demonspawn Berserker)         Turns: 3549, Time: 00:08:32

Health: -14/51     AC:  5    Str: 19    XL:     6   Next: 91%
Magic:  6/6        EV: 11    Int:  9    God:    Trog [***...]
Gold:   105        SH:  0    Dex: 12    Spells: 5/5 levels left

rFire    . . .     SeeInvis .   l - +2 war axe (freeze)
rCold    . . .     Gourm    .   (no shield)
rNeg     + . .     Faith    .   d - +0 ring mail
rPois    .         Spirit   .   (helmet restricted)
rElec    .         Reflect  .   (no cloak)
rCorr    .         Harm     .   (no gloves)
MR       .....                  (no boots)
Stlth    ++........             (no amulet)
HPRegen  0.17/turn              j - ring of positive energy
MPRegen  0.10/turn              (no ring)

@: no status effects
A: claws 1, horns 1, nightstalker 1, powered by pain 1
a: Berserk, Trog's Hand, Renounce Religion


You were on level 4 of the Dungeon.
You worshipped Trog.
Trog was most pleased with you.
You were not hungry.

You visited 1 branch of the dungeon, and saw 4 of its levels.

You collected 105 gold pieces.

Inventory:

Hand Weapons
 l - a +2 war axe of freezing (weapon)
Missiles
 k - 10 poisoned darts (quivered)
Armour
 d - a +0 ring mail (worn)
 g - a +2 chain mail of fire resistance
Jewellery
 j - a ring of positive energy (left claw)
Scrolls
 e - a scroll of magic mapping
 i - a scroll of fog
Potions
 a - a potion of magic {unknown}
 b - a potion of mutation {unknown}
 h - 2 potions of might {unknown}
 m - a potion of degeneration {unknown}
Comestibles
 c - 9 rations


   Skills:
 + Level 5.1 Fighting
 + Level 4.6 Axes
 + Level 4.1 Armour
 - Level 1.7 Dodging


You had 5 spell levels left.
You didn't know any spells.
Your spell library was empty.

Dungeon Overview and Level Annotations

Branches:
Dungeon (4/15)
 Temple: D:4-7

Altars:
Nemelex Xobeh
Ru
Trog
Vehumet
Yredelemnul
The Shining One


Innate Abilities, Weirdness & Mutations

You have sharp fingernails.
You have a pair of small horns on your head.
You are slightly more attuned to the shadows.
You sometimes gain a little power by taking damage.


Message History

You kill the quokka!
Trog accepts your kill.
The ogre hits you with a cursed -1 giant club!!
You slash the ogre! You freeze the ogre.
The ogre is heavily wounded.
The ogre completely misses you.
You closely miss the ogre. You headbutt the ogre.
The ogre is severely wounded.
You hit the quokka skeleton.
The quokka skeleton bites you but does no damage.
The ogre hits you with a cursed -1 giant club!!
* * * LOW HITPOINT WARNING * * *
Things that are here:
a quokka corpse; a hound corpse The quokka skeleton bites you.
* * * LOW HITPOINT WARNING * * *
You see here a leopard gecko corpse.
There is a stone staircase leading up here.
The ogre hits you with a cursed -1 giant club!!
You die...

##......#
#......†#
#......†#
##.......# #
.........###.##%
................
..........##.###
......OZ...#.
......@.......
............###
............#
...........>#
..............
..............
...........##


You could see an ogre and a quokka skeleton.

Vanquished Creatures
  Sigmund (D:3)
  An eye of draining (D:3)
  A hound (D:4)
  2 orc wizards (D:3)
  A gnoll (D:3)
  5 adders
  An ooze (D:3)
  4 worms
  5 dart slugs
  A leopard gecko (D:4)
  3 orcs (D:3)
  4 giant cockroaches
  10 goblins
  6 hobgoblins
  9 kobolds
  3 quokkas
  5 bats
  8 frilled lizards
  9 rats
79 creatures vanquished.

Notes
Turn   | Place    | Note
-------+----------+-------------------------------------------
     0 | D:1      | nikku the Demonspawn Berserker began the quest for the Orb.
     0 | D:1      | Reached XP level 1. HP: 18/18 MP: 1/1
   140 | D:1      | Gained mutation: You have sharp fingernails. [demonic
                  | ancestry]
   140 | D:1      | Reached XP level 2. HP: 24/24 MP: 2/2
   561 | D:1      | Reached XP level 3. HP: 27/29 MP: 3/3
  1006 | D:1      | Reached ** piety under Trog
  1115 | D:1      | Found a sparkling altar of Nemelex Xobeh.
  1318 | D:2      | Found a sacrificial altar of Ru.
  1662 | D:2      | Found a basalt altar of Yredelemnul.
  1664 | D:2      | Noticed a profane servitor
  1674 | D:2      | Found a glowing golden altar of the Shining One.
  1676 | D:2      | Noticed an angel
  2012 | D:2      | Gained mutation: You have a pair of small horns on your
                  | head. [demonic ancestry]
  2012 | D:2      | Reached XP level 4. HP: 28/37 MP: 4/4
  2666 | D:3      | Reached skill level 4 in Fighting
  2666 | D:3      | Gained mutation: You sometimes gain a little power by
                  | taking damage. [demonic ancestry]
  2666 | D:3      | Reached XP level 5. HP: 34/42 MP: 5/5
  2777 | D:3      | Found a bloodstained altar of Trog.
  2778 | D:3      | Noticed an eye of draining
  2792 | D:3      | Killed an eye of draining
  2792 | D:3      | Gained mutation: You are slightly more attuned to the
                  | shadows. [demonic ancestry]
  2792 | D:3      | Reached XP level 6. HP: 42/49 MP: 0/6
  2901 | D:3      | Reached *** piety under Trog
  2927 | D:3      | Found a radiant altar of Vehumet.
  3071 | D:3      | Noticed Sigmund
  3080 | D:3      | Killed Sigmund
  3080 | D:3      | Reached skill level 5 in Fighting
  3549 | D:4      | Demolished by an ogre

Illustrated notes

Levels and vault maps discovered:
D:1:      dpeg_arrival_tiny_a, layout_loops_ring, nemelex_diamond_rough_becter
D:2:      layout_loops_ring, grunt_temple_overflow_holy_war,
          nicolae_overflow_crystal_walls, nicolae_overflow_hidden_temple
D:3:      layout_loops_ring, lemuel_crystal_altar, trog_eyes_of_draining,
          uniq_sigmund
D:4:      cheibrodos_barr_body, layout_rooms, portal_sewer_entry_e,
          first_ration, serial_shops, shop, gammafunk_ghost_grave,
          minmay_fractal_squares_diagonal_5

Skill      XL: |  1  2  3  4  5  6 |
---------------+-------------------+-----
Armour         | 2 3 4 |  4.1
Axes           | 3 4 |  4.6
Fighting       | 4 5 |  5.1
Dodging        | |  1.7

Action                   |  1- 3 |  4- 6 || total
-------------------------+-------+-------++-------
Melee: Hand axe          |   140 |    86 ||   226
       Headbutt          |       |    16 ||    16
       War axe           |       |    12 ||    12
Invok: Berserk           |     1 |     1 ||     2
       Trog's Hand       |       |     2 ||     2
  Use: Scroll            |     4 |     1 ||     5
 Stab: Sleeping          |       |     1 ||     1
  Eat: Chunk             |     4 |     7 ||    11
Armor: Animal skin       |     8 |       ||     8
       Ring mail         |    21 |    32 ||    53
       Leather armour    |     2 |       ||     2
Dodge: Dodged            |    94 |    43 ||   137
